 Dungeon Crawl Stone Soup version 0.25.1-2-g60ff931df9 (webtiles) character file.

Game seed: 328409321906016676

1026 Cadaver the Insei (level 8, -1/50 HPs)
             Began as an Octopode Transmuter on Nov 13, 2020.
             Slain by a sky beast (2 damage)
             ... on level 5 of the Dungeon.
             The game lasted 00:25:06 (7104 turns).

Cadaver the Insei (Octopode Transmuter)             Turns: 7104, Time: 00:25:07

Health: -1/50      AC:  1    Str:  9    XL:     8   Next: 23%
Magic:  14/14      EV: 14    Int: 17    God:
Gold:   103        SH:  0    Dex: 13    Spells: 9/15 levels left

rFire    . . .     SeeInvis .     - Unarmed
rCold    . . .     Gourm    .   (no shield)
rNeg     . . .     Faith    .   (helmet restricted)
rPois    .         Spirit   .   (no amulet)
rElec    .         Reflect  .   (no ring)
rCorr    .         Harm     .   (no ring)
MR       .....                  (no ring)
Stlth    ++++......             (no ring)
HPRegen  0.16/turn              (no ring)
MPRegen  0.14/turn              (no ring)
                                (no ring)
                                (no ring)

@: appendage
A: almost no armour, stealthy swim, amphibious, 8 rings, constrict 8, tentacle
spike 3, camouflage 1, gelatinous body 1
a: End Transformation


You were on level 5 of the Dungeon.
You were not hungry.
One of your tentacles had a temporary spike.
You visited 1 branch of the dungeon, and saw 5 of its levels.

You collected 163 gold pieces.
You spent 60 gold pieces at shops.

Inventory:

Hand Weapons
 d - a +0 hunting sling
 m - a +0 hand axe of venom
Missiles
 a - 56 arrows
 g - 129 stones
 o - 2 throwing nets (quivered)
Scrolls
 f - 7 scrolls of amnesia {unknown}
 i - a scroll of teleportation
 j - a scroll of immolation {unknown}
 k - 2 scrolls of remove curse {unknown}
 p - a scroll of enchant weapon {unknown}
 r - a scroll of magic mapping {unknown}
Potions
 b - a potion of mutation {unknown}
 l - a potion of magic {unknown}
 n - a potion of brilliance
 q - 4 potions of might
Comestibles
 c - 13 rations
 h - 2 chunks of flesh


   Skills:
 + Level 1.9 Fighting
 + Level 2.9 Dodging
 + Level 4.2 Stealth
 + Level 6.2 Unarmed Combat
 + Level 4.0 Spellcasting
 + Level 4.2 Transmutations
 + Level 3.0 Poison Magic


You had 9 spell levels left.
You knew the following spells:

 Your Spells              Type           Power        Failure   Level  Hunger
a - Beastly Appendage     Tmut           ###...       2%          1    None
b - Sticks to Snakes      Tmut           ###.....     4%          2    ##.....
c - Spider Form           Tmut/Pois      ###.......   11%         3    ###....

Your spell library contained the following spells:

 Spells                   Type           Power        Failure   Level  Hunger
 Ice Form                 Ice/Tmut       ##......     54%         4    ####...
 Blade Hands              Tmut           ###.......   58%         5    ######.


Dungeon Overview and Level Annotations

Branches:
Dungeon (5/15)
 Temple: D:4-7

Altars:
Ru
Sif Muna
Vehumet
Wu Jian

Shops:
D:4 !

Annotations:
D:4 Blork the orc


Innate Abilities, Weirdness & Mutations

You cannot wear most types of armour.
You are very stealthy in the water. (Stealth+)
You are amphibious.
You can wear up to eight rings at the same time.
You can use your tentacles to constrict eight enemies at once.
Your skin changes colour to match your surroundings (Stealth+).
Your rubbery body absorbs attacks. (AC +1, EV +1)
One of your tentacles bears a large vicious spike.


Message History

Something shocks you.
You tentacle-slap something but do no damage.
You tentacle-slap something. Something hits you. Something shocks you.
You tentacle-slap something.
Your tentacle spike misses something.
Your squeeze misses something. Something hits you.
* * * LOW HITPOINT WARNING * * *
Something shocks you.
* * * LOW HITPOINT WARNING * * *
You feel better. Something hits you.
* * * LOW HITPOINT WARNING * * *
Something shocks you.
* * * LOW HITPOINT WARNING * * *
You miss something. Something completely misses you.
You closely miss something. You squeeze something! Something hits you.
* * * LOW HITPOINT WARNING * * *
Something shocks you.
* * * LOW HITPOINT WARNING * * *
You closely miss something.
You pierce something.
Your squeeze misses something. Something hits you.
You die...

#....#.#.# #....#
#...<#.#.# #....#
##.###.#.# #....# #...#.#.#
#....# .. ###.#.#.#
##....#..." #.....#
#..%....... #.....#
#.....###.#
#.....########.######
#..>.......@{.........
#....#########'#######
#...)............# #
#.#'#########....#####.####
#..........................
#############...)##.##.###
#######.##.# #........# ###
#........# #>.


There were no monsters in sight!

Vanquished Creatures
  Grinder (D:5)
  Sigmund (D:5)
  Menkaure (D:5)
  An ogre (D:4)
  A centaur (D:5)
  2 bullfrog skeletons
  An iguana (D:4)
  Terence (D:2)
  Natasha (twice) (D:2 D:1)
  A worker ant (D:4)
  3 gnolls (D:2)
  10 adders
  An ooze (D:3)
  3 worms
  A dart slug (D:1)
  4 leopard geckos
  2 orcs (D:3)
  4 ball pythons
  3 giant cockroaches (D:3)
  11 goblins
  7 hobgoblins
  9 jackals
  6 kobolds
  A quokka (D:2)
  7 bats
  15 frilled lizards
  5 rats
104 creatures vanquished.

Notes
Turn   | Place    | Note
-------+----------+-------------------------------------------
     0 | D:1      | Cadaver the Octopode Transmuter began the quest for the
                  | Orb.
     0 | D:1      | Reached XP level 1. HP: 13/13 MP: 3/3
   101 | D:1      | Reached XP level 2. HP: 18/18 MP: 3/5
   505 | D:1      | Reached XP level 3. HP: 12/23 MP: 4/6
   515 | D:1      | Learned a level 2 spell: Sticks to Snakes
   663 | D:1      | Learned a level 3 spell: Spider Form
  1656 | D:2      | Reached skill level 1 in Stealth
  1874 | D:2      | Noticed Terence
  1973 | D:2      | Reached skill level 4 in Unarmed Combat
  1973 | D:2      | Reached XP level 4. HP: 21/28 MP: 7/7
  2695 | D:3      | Found an ornate altar of the Wu Jian Council.
  3239 | D:3      | Found a shimmering blue altar of Sif Muna.
  3242 | D:3      | Found a sacrificial altar of Ru.
  3546 | D:3      | Reached XP level 5. HP: 30/33 MP: 6/8
  3822 | D:3      | Reached skill level 1 in Poison Magic
  3982 | D:3      | Found a radiant altar of Vehumet.
  4646 | D:4      | Found Xasunobb's Distillery.
  4650 | D:4      | Bought a potion of might for 48 gold pieces
  4650 | D:4      | Bought a potion of degeneration for 12 gold pieces
  4658 | D:4      | Noticed Blork the orc
  4666 | D:4      | Noticed an ogre
  4915 | D:2      | Noticed Natasha
  4926 | D:2      | Killed Natasha
  4941 | D:2      | Noticed Natasha
  4963 | D:1      | Killed Natasha
  4963 | D:1      | Reached XP level 6. HP: 31/38 MP: 10/10
  5199 | D:2      | Killed Terence
  5927 | D:4      | Reached skill level 5 in Unarmed Combat
  5933 | D:4      | Reached XP level 7. HP: 25/43 MP: 11/11
  6203 | D:5      | Entered Level 5 of the Dungeon
  6203 | D:5      | Noticed Grinder
  6222 | D:5      | Paralysed by Grinder for 2 turns
  6229 | D:5      | Killed Grinder
  6566 | D:5      | Noticed Sigmund
  6582 | D:5      | Killed Sigmund
  6706 | D:5      | Reached XP level 8. HP: 31/50 MP: 11/13
  6827 | D:5      | Reached skill level 6 in Unarmed Combat
  6946 | D:5      | Noticed Menkaure
  6962 | D:5      | Killed Menkaure
  7103 | D:5      | HP: 1/50 [something (5)]
  7104 | D:5      | Slain by a sky beast

Illustrated notes

Levels and vault maps discovered:
D:1:      heliophobic_arrival_henge, layout_basic, minmay_cut_off
D:2:      layout_loops_ring, uniq_terence, uniq_natasha, uniq_crazy_yiuf_cottage
D:3:      layout_basic, marbit_many_paths, lemuel_crystal_altar,
          amethyst_overflow_temple_binary, first_ration, minivault_23,
          minmay_lizard_king
D:4:      layout_gridville, serial_shops, shop, serial_park_tiny_1,
          uniq_blork_the_orc
D:5:      layout_basic, serial_shops, shop, nicolae_shop_statue_plus,
          uniq_edmund, uniq_menkaure, uniq_sigmund, uniq_grinder

Skill      XL: |  1  2  3  4  5  6  7  8 |
---------------+-------------------------+-----
Stealth        | 1 2 3 4 |  4.2
Unarmed Combat | 4 5 6 |  6.2
Poison Magic   | 1 2 3 |  3.0
Transmutations | 3 4 |  4.2
Spellcasting   | 3 4 |  4.0
Fighting       | |  1.9
Dodging        | |  2.9

Action                   |  1- 3 |  4- 6 |  7- 9 || total
-------------------------+-------+-------+-------++-------
Melee: Unarmed           |    74 |   152 |    52 ||   278
       Constrict         |    24 |    44 |     4 ||    72
       Kick              |    17 |    32 |    12 ||    61
       Tentacles         |     7 |    26 |     9 ||    42
       Punch             |     2 |     6 |     2 ||    10
Throw: Stone             |     1 |     4 |       ||     5
       Throwing net      |       |     1 |       ||     1
 Cast: Beastly Appendage |    19 |    36 |     6 ||    61
       Sticks to Snakes  |       |     2 |     2 ||     4
       Spider Form       |       |       |     2 ||     2
  Use: Scroll            |       |     4 |       ||     4
       Potion            |       |     1 |     4 ||     5
 Stab: Sleeping          |     5 |     5 |     2 ||    12
       Distracted        |       |     1 |       ||     1
  Eat: Chunk             |     1 |    11 |     2 ||    14
       Ration            |     1 |       |     1 ||     2
Armor: Skin              |     7 |     8 |     3 ||    18
Dodge: Dodged            |    52 |    85 |    23 ||   160
